[Event "Titled Tuesday Blitz June 28 Late 2022"]
[White "Semenenko, Dmytry"]
[Black "Lauridsen, Jesper Morch"]
[WhiteFideId "14118645"]
[BlackFideId "1401890"]
[WhiteElo "2113"]
[BlackElo "2214"]
[Result "0-1"]
[Round "02"]
[TimeControl "180+1"]
[Date "2022.06.29"]
[WhiteClock "0:01:55"]
[BlackClock "0:00:14"]

1. Nf3 g6 2. c4 Bg7 3. d4 d6 4. Nc3 Nf6 5. e4 O-O 6. Be2 e5 7. dxe5 dxe5 8. Bg5 Nbd7 9. O-O h6 10. Bh4 g5 11. Bg3 c6 12. Nxe5 Nxe5 13. Bxe5 Be6 14. Qxd8 Rfxd8 15. Rfd1 Kf8 16. f3 Nd7 17. Bxg7+ Kxg7 18. Rd6 Ne5 19. Rad1 Rxd6 20. Rxd6 Bxc4 21. Bxc4 Nxc4 22. Rd7 b6 23. b3 Ne5 24. Re7 Kf6 25. Rc7 a6 26. Kf2 Rd8 27. Ke2 Ke6 28. g3 Kd6 29. Ra7 a5 30. f4 Nd7 31. e5+ Ke6 32. Rc7 gxf4 33. gxf4 Nb8 34. Ne4 Rd7 35. Rc8 Na6 36. Rxc6+ Kf5 37. Ke3 Nb4 38. Rf6+ Kg4 39. Nf2+ Kh5 40. Rxb6 Nd5+ 41. Ke4 Nxb6 42. f5 Rd2 43. Nd3 Rxa2 44. e6 fxe6 45. fxe6 Re2+ 46. Kf5 Nd5 47. Nf4+ Nxf4 48. Kxf4 Rxe6 0-1


[Site "https://www.chess.com"]

[Event "Titled Tuesday Blitz June 28 Late 2022"]
[White "Sibilio, Mario"]
[Black "McCoy, Owen"]
[WhiteFideId "800422"]
[BlackFideId "30924502"]
[WhiteElo "2296"]
[BlackElo "2520"]
[Result "1-0"]
[Round "02"]
[TimeControl "180+1"]
[Date "2022.06.29"]
[WhiteClock "0:00:05"]
[BlackClock "0:00:02"]

1. e4 a6 2. d4 b5 3. a4 b4 4. Bc4 h5 5. Nf3 e6 6. d5 Bb7 7. O-O Bc5 8. Nbd2 Nf6 9. Nb3 Ba7 10. Bg5 Qc8 11. Bxf6 gxf6 12. e5 f5 13. Nbd4 a5 14. Nb5 Bb6 15. Qd2 Qd8 16. Rad1 Na6 17. Ng5 Nc5 18. Kh1 h4 19. h3 Nxa4 20. f4 Nc5 21. Qe2 Qb8 22. Nd4 a4 23. dxe6 fxe6 24. Nxf5 exf5 25. e6 Ne4 26. exd7+ Ke7 27. Bd5 Kf6 28. Nxe4+ fxe4 29. Qxe4 Bxd5 30. Qe5+ Kg6 31. Qg5+ Kh7 32. Qxh4+ Kg7 33. Qg5+ Kh7 34. Rxd5 Qd8 35. Qh5+ Kg7 36. Rg5+ Kf6 37. Qg6+ Ke7 38. Re1+ Kxd7 39. Rd5+ Kc8 40. Rxd8+ Rxd8 41. Re8 Kb7 42. Rxd8 Rxd8 43. Qe4+ Kb8 44. c3 bxc3 45. bxc3 a3 46. Qa4 Bc5 47. Qb5+ Bb6 48. Qb3 Rd2 49. Qxa3 Rd1+ 50. Kh2 Rd3 51. Qf8+ Kb7 52. h4 Rxc3 53. h5 1-0


[Site "https://www.chess.com"]

[Event "Titled Tuesday Blitz June 28 Late 2022"]
[White "Silva, Kaua Marques"]
[Black "Ricaurte Lopez, Juan Carlos"]
[WhiteFideId "22701168"]
[BlackFideId "3600327"]
[WhiteElo "2071"]
[BlackElo "2209"]
[Result "0-1"]
[Round "02"]
[TimeControl "180+1"]
[Date "2022.06.29"]
[WhiteClock "0:00:12"]
[BlackClock "0:00:13"]

1. e4 e5 2. Nf3 d5 3. Nxe5 Bd6 4. d4 dxe4 5. Nc4 Nf6 6. Be2 Nc6 7. O-O Nxd4 8. Nc3 h6 9. h3 O-O 10. Be3 Nxe2+ 11. Qxe2 Be6 12. Rad1 Bxc4 13. Qxc4 Qe7 14. Rfe1 Rfe8 15. Nd5 Qe5 16. Bf4 Qxb2 17. Rb1 Qa3 18. Nxf6+ gxf6 19. Bxh6 Qc5 20. Qe2 Kh7 21. Be3 Qe5 22. g3 b6 23. Red1 Qf5 24. g4 Qf3 25. Qxf3 exf3 26. Rb3 Re4 27. Bd4 Rd8 28. Bxf6 Bh2+ 29. Kxh2 Rxd1 30. Rxf3 Rd2 31. Bh4 Kg7 32. Rc3 c5 33. Kg2 a5 34. Bg5 Rdd4 35. Rf3 Rc4 36. c3 Re6 37. Kg3 f6 38. Bc1 b5 39. Rd3 b4 40. cxb4 Rxc1 41. bxa5 Ra6 42. Ra3 Rb1 43. Kh4 Rb5 44. f4 Rbxa5 45. Re3 Rxa2 46. Kh5 Ra7 47. Re6 R2a6 48. Re4 Rc6 49. Rc4 Rb7 50. h4 Rb4 51. Rc2 Rxf4 52. Ra2 Rc7 53. Ra8 c4 54. Ra1 0-1


[Site "https://www.chess.com"]

[Event "Titled Tuesday Blitz June 28 Late 2022"]
[White "Silva, Miguel Antonio Neto"]
[Black "Manukyan, Artyom"]
[WhiteFideId "1911929"]
[BlackFideId "13305786"]
[WhiteElo "2204"]
[BlackElo "2034"]
[Result "0-1"]
[Round "02"]
[TimeControl "180+1"]
[Date "2022.06.29"]
[WhiteClock "0:00:09"]
[BlackClock "0:00:08"]

1. Nf3 d5 2. c4 e6 3. d4 Nf6 4. g3 dxc4 5. Bg2 Be7 6. O-O O-O 7. Qc2 a6 8. Qxc4 b5 9. Qc2 Bb7 10. Bd2 Ra7 11. Rd1 Be4 12. Qc1 Nc6 13. e3 b4 14. Be1 Qa8 15. Nbd2 Bd5 16. Nh4 Bxg2 17. Nxg2 Nb8 18. Nb3 Nbd7 19. Qc4 a5 20. Rac1 Rc8 21. Qc6 Rb7 22. Nxa5 Rb6 23. Qxa8 Rxa8 24. Nc4 Rc6 25. a3 bxa3 26. Nxa3 Rxc1 27. Rxc1 Bxa3 28. bxa3 Rxa3 29. Rxc7 Ra1 30. Rc8+ Nf8 31. Kf1 g6 32. Ke2 Ra2+ 33. Kf3 Kg7 34. Nf4 g5 35. Nd3 g4+ 36. Kg2 Ne4 37. Ne5 h5 38. Rc7 Ng5 39. d5 exd5 40. Bc3 Nfe6 41. Nxf7+ d4 42. Bxd4+ Kf8 43. Nxg5 Nxc7 44. Nh7+ Kf7 45. Nf6 Kg6 46. Ne4 Ne6 47. Be5 Kf5 48. Nc3 Rc2 49. Bh8 Nc5 50. Bd4 Nd3 51. e4+ Ke6 52. Nd5 Ne1+ 53. Kf1 Nf3 54. Be3 Ke5 55. Nf4 Kxe4 56. Nxh5 Nxh2+ 57. Kg2 Nf3 58. Nf6+ Kf5 59. Nh5 Ra2 60. Kf1 Ke4 61. Nf6+ Kf5 62. Nh5 Ke4 63. Nf6+ Kd3 64. Nxg4 Ra1+ 65. Kg2 Ke2 66. Nf6 Rg1+ 67. Kh3 Ne5 68. Kh4 Nc4 69. Ng4 Kf3 70. Nh2+ Ke4 71. Ng4 Kf3 72. Nh2+ Ke4 73. Ng4 Kf5 74. Nh6+ Kg6 75. Ng4 Rh1+ 76. Nh2 Rxh2+ 77. Kg4 Nxe3+ 78. fxe3 Ra2 79. e4 Ra4 80. Kf4 Kf6 81. g4 Kg6 82. g5 Ra5 0-1


[Site "https://www.chess.com"]

[Event "Titled Tuesday Blitz June 28 Late 2022"]
[White "Siniauski, Artsiom"]
[Black "Silvestre, Christian"]
[WhiteFideId "13512269"]
[BlackFideId "30956269"]
[WhiteElo "2187"]
[BlackElo "2364"]
[Result "1-0"]
[Round "02"]
[TimeControl "180+1"]
[Date "2022.06.29"]
[WhiteClock "0:01:51"]
[BlackClock "0:00:04"]

1. e4 e5 2. Nf3 Nc6 3. Bb5 Nf6 4. d3 Bc5 5. c3 d6 6. d4 exd4 7. cxd4 Bb4+ 8. Bd2 O-O 9. Bxc6 Bxd2+ 10. Nbxd2 bxc6 11. O-O Rb8 12. b3 Re8 13. Re1 d5 14. e5 Nd7 15. Rc1 Bb7 16. b4 Nb6 17. Nb3 Nc4 18. Nfd2 Ba6 19. Nc5 Nxd2 20. Qxd2 Bc4 21. a3 Qh4 22. Rc3 Rbd8 23. Rg3 Qh5 24. h3 Kh8 25. Kh2 Qh4 26. Rg4 Qh5 27. Qd1 Qh6 28. Qa4 Ra8 29. Re3 f5 30. exf6 gxf6 31. Rxe8+ Rxe8 32. Qxc6 Qf8 33. Nd7 Qe7 34. Nxf6 Rf8 35. Nh5 Qd6+ 36. Qxd6 cxd6 37. Rf4 h6 38. Rxf8+ 1-0


[Site "https://www.chess.com"]

[Event "Titled Tuesday Blitz June 28 Late 2022"]
[White "Sliwicki, Damian"]
[Black "Corrales Jimenez, Fidel"]
[WhiteFideId "1127128"]
[BlackFideId "3506690"]
[WhiteElo "2081"]
[BlackElo "2541"]
[Result "0-1"]
[Round "02"]
[TimeControl "180+1"]
[Date "2022.06.29"]
[WhiteClock "0:00:03"]
[BlackClock "0:01:34"]

1. e4 c5 2. Nf3 d6 3. d4 cxd4 4. Qxd4 Nc6 5. Bb5 Bd7 6. Bxc6 Bxc6 7. Nc3 Nf6 8. Bg5 e6 9. O-O-O h6 10. Bh4 Be7 11. Kb1 O-O 12. h3 d5 13. Qe3 Nxe4 14. Nxe4 Bxh4 15. Nxh4 Qxh4 16. Nc5 Rac8 17. Rd4 Qg5 18. f4 Qxg2 19. Rg1 Qh2 20. Rd2 d4 21. Qxd4 e5 22. fxe5 Rcd8 23. Rxg7+ Kh8 24. Rxh2 Rxd4 25. Rg1 Re8 26. Nb3 Rf4 27. Re2 Rf3 28. Rge1 Rxh3 29. Nd4 Bd7 30. b3 Bg4 31. Rg2 h5 32. Reg1 Rxe5 33. Kb2 f5 34. c3 Kh7 35. Rf2 Kg6 36. Nc2 Kg5 37. Rd2 f4 38. Nd4 f3 39. Rf2 Kf4 40. Rd1 Kg3 41. Rff1 Rh2+ 42. Ka3 f2 43. Rd3+ Kf4 44. Rd2 Ke3 0-1


[Site "https://www.chess.com"]

[Event "Titled Tuesday Blitz June 28 Late 2022"]
[White "Souleidis, Georgios"]
[Black "Gatterer, Florian"]
[WhiteFideId "4206827"]
[BlackFideId "811688"]
[WhiteElo "2401"]
[BlackElo "2218"]
[Result "1/2-1/2"]
[Round "02"]
[TimeControl "180+1"]
[Date "2022.06.29"]
[WhiteClock "0:00:33"]
[BlackClock "0:00:47"]

1. e4 c5 2. Be2 Nc6 3. d3 g6 4. f4 Bg7 5. Nf3 e6 6. O-O Nge7 7. c3 d5 8. Na3 O-O 9. Nc2 f5 10. e5 d4 11. c4 b6 12. Bd2 Bb7 13. Rb1 a5 14. b3 Nb4 15. a3 Nxc2 16. Qxc2 Bc6 17. Ng5 Qd7 18. Bf3 h6 19. Bxc6 Qxc6 20. Nf3 Qc7 21. b4 axb4 22. axb4 Nc6 23. bxc5 bxc5 24. Rb5 g5 25. Rxc5 gxf4 26. Bxf4 Nb4 27. Rxc7 Nxc2 28. Rc1 Ra2 29. Rb1 Rd8 30. Rbb7 Bf8 31. Nh4 Ne3 32. Rd7 Rda8 33. Rxd4 Ng4 1/2-1/2


[Site "https://www.chess.com"]

[Event "Titled Tuesday Blitz June 28 Late 2022"]
[White "Tatarinov, Dmitry"]
[Black "Ardila, Oscar Humberto"]
[WhiteFideId "24160067"]
[BlackFideId "4404742"]
[WhiteElo "2302"]
[BlackElo "1956"]
[Result "1-0"]
[Round "02"]
[TimeControl "180+1"]
[Date "2022.06.29"]
[WhiteClock "0:00:25"]
[BlackClock "0:00:17"]

1. e4 e5 2. Nf3 Nf6 3. Nc3 Nc6 4. d4 exd4 5. Nxd4 Bb4 6. Nxc6 bxc6 7. Bd3 d5 8. exd5 cxd5 9. O-O O-O 10. Bg5 c6 11. Qf3 Bd6 12. Rae1 h6 13. Bxf6 Qxf6 14. Qxf6 gxf6 15. Nd1 Be5 16. b3 a5 17. a4 Be6 18. Ne3 Bc3 19. Rd1 Rfe8 20. Nf5 Bxf5 21. Bxf5 Re7 22. Rd3 Be5 23. Rh3 Kg7 24. g3 Rae8 25. Kg2 Bd4 26. Rd1 Bb6 27. Rd3 Rd8 28. Rf3 Re5 29. Rf4 Rh8 30. Bd3 Bc7 31. Rfh4 h5 32. f4 Re1 33. Rxh5 Rxh5 34. Rxh5 Bb6 35. Kf3 Re3+ 36. Kg4 Re1 37. Rh7+ Kf8 38. Rh8+ Ke7 39. Rc8 Kd7 40. Bf5+ Kd6 41. h4 Bf2 42. Rg8 Re3 43. Kh3 Re2 44. h5 Bg1 45. Kg4 Rh2 46. Rh8 Bf2 47. Kf3 Be1 48. h6 Rf2+ 49. Ke3 Rg2 50. h7 Rxg3+ 51. Ke2 1-0


[Site "https://www.chess.com"]

[Event "Titled Tuesday Blitz June 28 Late 2022"]
[White "Terry, Renato"]
[Black "Volkov, Maksim"]
[WhiteFideId "3803457"]
[BlackFideId "54123070"]
[WhiteElo "2577"]
[BlackElo "2155"]
[Result "1-0"]
[Round "02"]
[TimeControl "180+1"]
[Date "2022.06.28"]
[WhiteClock "0:00:59"]
[BlackClock "0:00:05"]

1. d4 d5 2. Nf3 Nf6 3. c4 e6 4. e3 c6 5. b3 Bd6 6. Bd3 O-O 7. O-O b6 8. Bb2 Bb7 9. Nbd2 Nbd7 10. Qe2 c5 11. Rfd1 Qe7 12. Ne5 Ne4 13. Nxd7 Qxd7 14. Bxe4 dxe4 15. dxc5 bxc5 16. Nxe4 Bxe4 17. Be5 Bxe5 18. Rxd7 Bxa1 19. Qd2 Bf6 20. Qa5 Bc6 21. Rxa7 Rad8 22. h3 Rd1+ 23. Kh2 Be5+ 24. f4 Bb8 25. Re7 Bd6 26. Ra7 g5 27. Ra6 gxf4 28. Rxc6 fxe3+ 29. Rxd6 Rxd6 30. Qxc5 Rd3 31. Qg5+ Kh8 32. Qf6+ Kg8 33. c5 Rc8 34. b4 e2 35. Qg5+ Kf8 36. Qe5 Rd2 37. b5 Ke7 38. Qg5+ 1-0


[Site "https://www.chess.com"]

[Event "Titled Tuesday Blitz June 28 Late 2022"]
[White "Toncheva, Nadya"]
[Black "Wang, Isaac"]
[WhiteFideId "2924056"]
[BlackFideId "30977185"]
[WhiteElo "1888"]
[BlackElo "2294"]
[Result "0-1"]
[Round "02"]
[TimeControl "180+1"]
[Date "2022.06.29"]
[WhiteClock "0:00:16"]
[BlackClock "0:00:15"]

1. e4 c5 2. Nf3 Nc6 3. d4 cxd4 4. Nxd4 Nf6 5. Nc3 e5 6. Ndb5 d6 7. Bg5 a6 8. Na3 b5 9. Nd5 Be7 10. Bxf6 Bxf6 11. c3 O-O 12. Be2 Bg5 13. O-O Be6 14. Nc2 Rb8 15. Nce3 g6 16. Qc2 Bxe3 17. Nxe3 Qb6 18. Rfd1 Rfd8 19. Rd3 Ne7 20. Rad1 Rd7 21. Qd2 Rbd8 22. Bg4 f5 23. exf5 gxf5 24. Nxf5 Nxf5 25. Bxf5 Bxf5 26. Rg3+ Kh8 27. Qg5 Rf8 28. Rf3 Rdf7 29. g4 Be4 30. Re3 Rxf2 0-1


[Site "https://www.chess.com"]

[Event "Titled Tuesday Blitz June 28 Late 2022"]
[White "Van Foreest, Jorden"]
[Black "Pinheiro, Iung Alicio de O."]
[WhiteFideId "1039784"]
[BlackFideId "2104350"]
[WhiteElo "2609"]
[BlackElo "2283"]
[Result "1-0"]
[Round "02"]
[TimeControl "180+1"]
[Date "2022.06.28"]
[WhiteClock "0:02:32"]
[BlackClock "0:00:07"]

1. Nf3 d5 2. b3 Bg4 3. Bb2 Bxf3 4. exf3 e6 5. f4 Nf6 6. g3 g6 7. Bg2 Bg7 8. O-O O-O 9. d4 c5 10. dxc5 Nc6 11. c4 dxc4 12. Nd2 Nd7 13. Bxg7 Kxg7 14. Bxc6 bxc6 15. Nxc4 Nxc5 16. Ne5 Rc8 17. Rc1 Ne4 18. Qe2 Nf6 19. Rfd1 Qb6 20. Qb2 Kg8 21. Nc4 1-0


[Site "https://www.chess.com"]

[Event "Titled Tuesday Blitz June 28 Late 2022"]
[White "Vidonyak, Roman"]
[Black "Nozdrachev, Leonid"]
[WhiteFideId "14100622"]
[BlackFideId "24113433"]
[WhiteElo "2337"]
[BlackElo "2129"]
[Result "0-1"]
[Round "02"]
[TimeControl "180+1"]
[Date "2022.06.29"]
[WhiteClock "0:00:40"]
[BlackClock "0:01:12"]

1. d4 d5 2. c4 c6 3. Nf3 e6 4. Nc3 dxc4 5. a4 Bb4 6. e3 b5 7. Ne5 Nf6 8. Bd2 O-O 9. Be2 Bb7 10. O-O Nbd7 11. Bf3 Bxc3 12. Bxc3 Nxe5 13. dxe5 Qxd1 14. Rfxd1 Nd5 15. Bd4 a6 16. Bc5 Rfd8 17. e4 Nf4 18. Rd6 Nd3 19. Bb6 Rdb8 20. Bd4 c5 21. Be3 Nxb2 22. Bxc5 Nxa4 23. Bb4 a5 24. Bd2 c3 25. Be3 Rc8 26. Rd7 Bc6 27. Rd6 b4 28. Bd1 Nb2 29. Bc2 a4 30. Bc1 b3 0-1


[Site "https://www.chess.com"]

[Event "Titled Tuesday Blitz June 28 Late 2022"]
[White "Winkels, Marcel"]
[Black "Diaz Rosas, Julio Cesar"]
[WhiteFideId "1003887"]
[BlackFideId "5105099"]
[WhiteElo "1900"]
[BlackElo "2278"]
[Result "0-1"]
[Round "02"]
[TimeControl "180+1"]
[Date "2022.06.29"]
[WhiteClock "0:00:03"]
[BlackClock "0:00:19"]

1. e4 e5 2. Nf3 Nc6 3. Bc4 Bc5 4. b4 Bxb4 5. c3 Be7 6. d4 Na5 7. Bd3 d6 8. O-O Nf6 9. h3 O-O 10. d5 b6 11. Be3 c6 12. c4 cxd5 13. cxd5 Nb7 14. Nc3 Nd7 15. Bb5 Ndc5 16. Bc6 Rb8 17. Nb5 a6 18. Nc3 Na5 19. Qe2 Qc7 20. Ba4 b5 21. Bc2 Nc4 22. Bg5 Bxg5 23. Nxg5 h6 24. Nf3 f5 25. exf5 Bxf5 26. Bxf5 Rxf5 27. Ne4 Nxe4 28. Qxe4 Rbf8 29. a4 Rf4 30. Qe2 Qf7 31. Rfd1 Qg6 32. Kh2 e4 33. Nd4 Rxf2 34. Qg4 Qxg4 35. hxg4 Ne3 36. Rg1 Nxg4+ 37. Kg3 h5 38. axb5 axb5 39. Nxb5 R8f6 40. Rac1 Ne3 41. Rc8+ Kh7 42. Nxd6 h4+ 43. Kh3 Rxd6 44. Kxh4 Rxd5 45. Kg3 Rf6 46. Re1 Nf1+ 47. Kg4 e3 48. Re8 Rd2 49. g3 Rd4+ 50. Kh3 Rd5 51. Kg2 Rf2+ 52. Kh3 Rg5 53. Re4 Rxg3+ 54. Kh4 Rh2# 0-1


[Site "https://www.chess.com"]

[Event "Titled Tuesday Blitz June 28 Late 2022"]
[White "Xie, Bryan"]
[Black "Krishnan, Varun"]
[WhiteFideId "30941296"]
[BlackFideId "5054508"]
[WhiteElo "1899"]
[BlackElo "2548"]
[Result "1/2-1/2"]
[Round "02"]
[TimeControl "180+1"]
[Date "2022.06.29"]
[WhiteClock "0:00:09"]
[BlackClock "0:00:12"]

1. d4 Nf6 2. Nf3 e6 3. Bf4 b6 4. e3 Bb7 5. Be2 c5 6. Nbd2 h6 7. h3 Nc6 8. c3 d6 9. O-O Be7 10. Bh2 O-O 11. Re1 cxd4 12. exd4 d5 13. Ne5 Nxe5 14. dxe5 Ne4 15. Nf3 f6 16. Nd4 Bc5 17. Nxe6 Nxf2 18. Qc2 Nxh3+ 19. Kh1 Nf2+ 20. Kg1 Qe7 21. Nxf8 Rxf8 22. b4 Nh3+ 23. Kh1 Nf2+ 24. Kg1 Be3 25. Bf3 Ng4+ 26. Kh1 Nf2+ 27. Kg1 d4 28. cxd4 Bxd4 29. Qc4+ Kh8 30. Qxd4 Bxf3 31. gxf3 Nh3+ 32. Kg2 fxe5 33. Qxe5 Qd7 34. Qe6 Qd2+ 35. Re2 Qg5+ 36. Qg4 Qf6 37. Qxh3 Qxa1 38. Qg3 Qf6 39. Qe5 Qg6+ 40. Kf2 Qd3 41. Re3 Qd2+ 42. Re2 Qd3 43. Qe4 Qd7 44. Be5 Qh3 45. Ke3 Qh1 46. Qg4 Rg8 47. Ke4 Qb1+ 48. Kf4 Qc1+ 49. Kg3 Qc6 50. f4 Qc4 51. Re3 Qf1 52. f5 Qg1+ 53. Kf3 Qd1+ 54. Kg3 Qg1+ 55. Kf4 Qf2+ 56. Qf3 Qh2+ 57. Qg3 Qd2 58. f6 gxf6 59. Bxf6+ Kh7 60. Qf3 Qh2+ 61. Ke4 Re8+ 62. Kd3 Qd6+ 63. Ke2 Qh2+ 64. Kd3 Qd6+ 65. Bd4 Qg6+ 66. Re4 Re7 67. Ke3 Rf7 68. Qe2 Qg1+ 69. Kd3 Qb1+ 70. Qc2 Qf1+ 71. Kc3 Rf3+ 72. Re3+ Kg8 73. Rxf3 Qxf3+ 74. Kb2 Qf7 75. Qb3 Qxb3+ 76. Kxb3 Kf7 77. Kc4 Ke6 78. Kb5 Kd5 79. Be3 a5 80. Bxh6 axb4 81. Kxb4 Kc6 82. Kc4 b5+ 83. Kb4 Kb7 84. Be3 Ka8 85. Kxb5 Kb7 86. Kc5 Ka8 87. a4 Kb8 88. Kb6 Ka8 89. Ka6 Kb8 90. Ba7+ Ka8 91. Bc5 Kb8 92. Kb6 Ka8 93. a5 Kb8 94. a6 Ka8 95. Kc7 1/2-1/2


[Site "https://www.chess.com"]

[Event "Titled Tuesday Blitz June 28 Late 2022"]
[White "Xiong, Jeffery"]
[Black "Jarmula, Lukasz"]
[WhiteFideId "2047640"]
[BlackFideId "1160664"]
[WhiteElo "2714"]
[BlackElo "2246"]
[Result "1-0"]
[Round "02"]
[TimeControl "180+1"]
[Date "2022.06.28"]
[WhiteClock "0:00:41"]
[BlackClock "0:00:19"]

1. d4 d5 2. Nf3 Nf6 3. Bf4 c5 4. e3 Nc6 5. Nbd2 Qb6 6. dxc5 Qxb2 7. Rb1 Qc3 8. Bb5 g6 9. O-O Bg7 10. Nb3 O-O 11. Bxc6 bxc6 12. Be5 Qc4 13. Qd4 Qxd4 14. exd4 a5 15. Rfe1 a4 16. Nc1 Ne4 17. Rb6 f6 18. Bg3 Bd7 19. Nd3 Rfe8 20. Nb4 Rac8 21. Rb7 Bg4 22. Bc7 Bd7 23. c4 e6 24. Bb6 Re7 25. cxd5 exd5 26. Nd2 f5 27. Nf3 Kf7 28. Nd3 Rce8 29. Nfe5+ Bxe5 30. Nxe5+ Rxe5 31. dxe5 Ke6 32. Ra7 Nc3 33. a3 d4 34. Ra1 Rb8 35. Kf1 d3 36. Ke1 Nb5 37. Rxa4 Kxe5 38. Kd2 Be6 39. Rh4 Rb7 40. a4 Nd4 41. Re1+ Kd5 42. Rxd4+ Kxd4 43. Rxe6 1-0


[Site "https://www.chess.com"]

[Event "Titled Tuesday Blitz June 28 Late 2022"]
[White "Yaksin, Oleg"]
[Black "Sarkar, Justin"]
[WhiteFideId "24105880"]
[BlackFideId "2010011"]
[WhiteElo "2256"]
[BlackElo "2020"]
[Result "1-0"]
[Round "02"]
[TimeControl "180+1"]
[Date "2022.06.29"]
[WhiteClock "0:00:09"]
[BlackClock "0:00:01"]

1. d4 Nf6 2. c4 e6 3. Nc3 Bb4 4. e3 O-O 5. Ne2 c6 6. a3 Ba5 7. c5 d6 8. cxd6 Qxd6 9. b4 Bc7 10. g3 e5 11. Bg2 Be6 12. O-O Nbd7 13. b5 Bc4 14. bxc6 bxc6 15. Qa4 Nb6 16. Qxc6 Rac8 17. Qxd6 Bxd6 18. Re1 exd4 19. Nxd4 Be5 20. Ne4 Nxe4 21. Bxe4 Bxd4 22. exd4 Bd5 23. Bf5 Rc4 24. Be3 g6 25. Bg4 Na4 26. Rac1 Rb8 27. Rxc4 Bxc4 28. Bd7 Nb6 29. Bc6 Bd5 30. Bf4 Rc8 31. Bb5 Bc4 32. Re8+ Rxe8 33. Bxe8 Nd5 34. Bd2 Kf8 35. Ba4 Ke7 36. f3 Kd6 37. Kf2 f5 38. Bc2 Ba2 39. h4 Kc6 40. g4 fxg4 41. fxg4 Kd6 42. h5 gxh5 43. gxh5 Nf6 44. h6 Ke6 45. Kg3 Kf7 46. Kh4 Bd5 47. Kg5 Ne4+ 48. Bxe4 Bxe4 49. Bf4 Bd5 50. Kf5 Bb3 51. Ke5 Ke7 52. Bg5+ Kd7 53. Kf6 a6 54. Kg7 Bc2 55. Bf4 a5 56. Be5 a4 57. Kf6 Bb1 58. Bg3 Bc2 59. d5 Bb1 60. Ke5 Bc2 61. Kd4 1-0


[Site "https://www.chess.com"]

[Event "Titled Tuesday Blitz June 28 Late 2022"]
[White "Yedidia, Daniel"]
[Black "Laurusas, Tomas"]
[WhiteFideId "30905907"]
[BlackFideId "12803731"]
[WhiteElo "2580"]
[BlackElo "2442"]
[Result "0-1"]
[Round "02"]
[TimeControl "180+1"]
[Date "2022.06.28"]
[WhiteClock "0:00:42"]
[BlackClock "0:01:09"]

1. d4 Nf6 2. c4 e6 3. Nc3 d5 4. cxd5 exd5 5. Bg5 c6 6. e3 Bd6 7. Bd3 h6 8. Bh4 O-O 9. Nge2 Re8 10. Qc2 a5 11. Bg3 Na6 12. a3 Bg4 13. O-O Nc7 14. Rfe1 Ne6 15. f3 Bh5 16. Rad1 Ng5 17. Nf4 Bxf3 18. gxf3 Nxf3+ 19. Kh1 Ng4 20. e4 Ngxh2 21. e5 Nxe1 22. Rxe1 Nf3 23. Rf1 Nxd4 24. Qg2 Rxe5 25. Rg1 Rg5 26. Qh3 Qf6 27. Nh5 Qf3+ 0-1


[Site "https://www.chess.com"]

[Event "Titled Tuesday Blitz June 28 Late 2022"]
[White "Yeshchenko, Uliana"]
[Black "Kulon, Klaudia"]
[WhiteFideId "14187272"]
[BlackFideId "1131044"]
[WhiteElo "1890"]
[BlackElo "2281"]
[Result "0-1"]
[Round "02"]
[TimeControl "180+1"]
[Date "2022.06.29"]
[WhiteClock "0:00:44"]
[BlackClock "0:00:06"]

1. d4 Nf6 2. c4 g6 3. Nc3 d5 4. cxd5 Nxd5 5. Na4 Bg7 6. e4 Nb6 7. Nf3 O-O 8. h3 Nc6 9. Be3 Qd6 10. Nc3 Rd8 11. e5 Qb4 12. Qc2 Bf5 13. Qb3 Qxb3 14. axb3 Nb4 15. Rc1 c6 16. g4 Bc2 17. Bc4 Nxc4 18. bxc4 Bb3 19. O-O Bxc4 20. Rfd1 a5 21. Kg2 b5 22. Nd2 Be6 23. Nde4 a4 24. Nc5 Bc4 25. N3e4 Bd5 26. f3 f6 27. exf6 exf6 28. Bd2 Na6 29. Nb7 f5 30. Nxd8 fxe4 31. Nb7 exf3+ 32. Kg3 Re8 33. Bf4 Re2 34. Rd2 Nb4 35. Rxe2 fxe2 36. Re1 Nd3 37. Rxe2 Bxd4 38. Rd2 Bc4 39. Nd6 Kf8 40. Nxc4 bxc4 41. h4 Bxb2 42. h5 a3 43. Rd1 a2 44. hxg6 hxg6 45. Ra1 Bxa1 46. Bd6+ Kf7 47. Ba3 Be5+ 48. Kh4 a1=Q 49. Bc5 Qh1+ 50. Kg5 Bf6# 0-1


[Site "https://www.chess.com"]

[Event "Titled Tuesday Blitz June 28 Late 2022"]
[White "Yoo, Christopher Woojin"]
[Black "Florescu, Codrut-Constantin"]
[WhiteFideId "30909694"]
[BlackFideId "1202200"]
[WhiteElo "2105"]
[BlackElo "2191"]
[Result "1/2-1/2"]
[Round "02"]
[TimeControl "180+1"]
[Date "2022.06.28"]
[WhiteClock "0:00:03"]
[BlackClock "0:00:05"]

1. e4 c5 2. Nf3 e6 3. b3 a6 4. Bb2 Nc6 5. d4 cxd4 6. Nxd4 Qf6 7. c3 Bc5 8. g3 e5 9. Nf5 d6 10. Bg2 g6 11. Ne3 Bxe3 12. fxe3 Nge7 13. c4 O-O 14. Nc3 b5 15. Nd5 Nxd5 16. cxd5 Nd8 17. Rc1 b4 18. Qd2 a5 19. Qf2 Qe7 20. O-O Ba6 21. Rfe1 Nb7 22. Bf1 Bxf1 23. Rxf1 Nc5 24. Rxc5 dxc5 25. Qf6 Qxf6 26. Rxf6 a4 27. Bxe5 axb3 28. axb3 Ra2 29. Rf2 Rxf2 30. Kxf2 Ra8 31. Ke2 Ra3 32. Bd6 c4 33. bxc4 Ra2+ 34. Kd3 b3 35. Be5 Kf8 36. Kc3 b2 37. Kc2 Ra4 38. Bxb2 Rxc4+ 39. Kd3 Ra4 40. e5 Ke7 41. e4 Ra2 42. Kc3 Ra4 43. Kd3 Kd7 44. Bc3 Ra2 45. Bd2 h5 46. h4 Ra1 47. Ke3 Ra3+ 48. Kf4 Rd3 49. Be1 Rd1 50. Bf2 Rf1 51. Kf3 Rb1 52. Be3 Rf1+ 53. Ke2 Rb1 54. Bd4 Rb3 55. Be3 Rb1 56. Kf3 Rf1+ 57. Kg2 Rb1 58. Kf2 Rb2+ 59. Kf3 Rb3 60. Kf4 Rd3 61. Bc5 Rc3 62. Bd6 Rd3 63. Bc5 Rc3 64. Bd4 Rd3 65. Bb6 Rb3 66. Ba5 Rb1 67. Bc3 Rf1+ 68. Ke3 Rg1 69. Kf3 Rb1 70. Bd2 Rb3+ 71. Kf4 Rd3 72. Bc1 Rc3 73. Bb2 Rd3 74. Bc1 Rc3 75. Be3 Rd3 76. Bg1 Rd1 77. Bc5 Rf1+ 78. Ke3 Rb1 79. Kf3 Rb3+ 80. Kf4 Rc3 1/2-1/2


[Site "https://www.chess.com"]

[Event "Titled Tuesday Blitz June 28 Late 2022"]
[White "Yurasova, Daria"]
[Black "Rostovtsev, Dmitry"]
[WhiteFideId "34146919"]
[BlackFideId "34278320"]
[WhiteElo "2021"]
[BlackElo "2311"]
[Result "0-1"]
[Round "02"]
[TimeControl "180+1"]
[Date "2022.06.29"]
[WhiteClock "0:00:13"]
[BlackClock "0:00:38"]

1. e4 d5 2. exd5 Qxd5 3. Nc3 Qd6 4. d4 Nf6 5. Nf3 a6 6. Ne5 Nc6 7. Nxc6 Qxc6 8. Be3 Bg4 9. f3 Bf5 10. Qd2 e6 11. O-O-O Bb4 12. Bd3 Nd5 13. Bxf5 Nxc3 14. Be4 Qa4 15. Qd3 Nxd1 16. Rxd1 Qxa2 17. c3 Qa1+ 18. Kc2 Qa4+ 19. Kc1 Bd6 20. d5 e5 21. f4 O-O-O 22. Ba7 b6 23. fxe5 Bxe5 24. d6 Rxd6 25. Bf5+ Kb7 26. Qe3 Qxd1# 0-1


[Site "https://www.chess.com"]

[Event "Titled Tuesday Blitz June 28 Late 2022"]
[White "Zhigalko, Sergei"]
[Black "Gurevich, Dmitry"]
[WhiteFideId "13502956"]
[BlackFideId "2000407"]
[WhiteElo "2662"]
[BlackElo "2506"]
[Result "1-0"]
[Round "02"]
[TimeControl "180+1"]
[Date "2022.06.28"]
[WhiteClock "0:00:03"]
[BlackClock "0:00:02"]

1. e4 c5 2. Nf3 d6 3. d4 cxd4 4. Qxd4 a6 5. Bc4 e6 6. Bf4 Nf6 7. Qd3 b5 8. Bb3 Bb7 9. Nbd2 Be7 10. a4 b4 11. O-O O-O 12. Rad1 d5 13. e5 Ne4 14. Nxe4 dxe4 15. Qe3 Qc7 16. Nd2 Qc6 17. Rfe1 Nd7 18. Qg3 Nc5 19. Bh6 g6 20. Bxf8 Bxf8 21. Nc4 Qc7 22. Ne3 Bc6 23. Ng4 Bg7 24. Nf6+ Kh8 25. Rd4 Rc8 26. Red1 h6 27. Rxb4 Nxb3 28. cxb3 Bxf6 29. exf6 Qxg3 30. hxg3 Bd5 31. Rb6 Rc2 32. Rxa6 g5 33. Ra7 Kg8 34. b4 e3 35. Rxd5 1-0


[Site "https://www.chess.com"]

[Event "Titled Tuesday Blitz June 28 Late 2022"]
[White "Abdi, Farzad"]
[Black "Mangialardo, Tiago Carvalho"]
[WhiteFideId "2076829"]
[BlackFideId "2130718"]
[WhiteElo "2328"]
[BlackElo "2072"]
[Result "1-0"]
[Round "03"]
[TimeControl "180+1"]
[Date "2022.06.29"]
[WhiteClock "0:02:02"]
[BlackClock "0:00:39"]

1. e4 e5 2. Nf3 Nc6 3. Bb5 a6 4. Bxc6 dxc6 5. Nc3 Bd6 6. d4 exd4 7. Qxd4 Bf8 8. Qxd8+ Kxd8 9. Bf4 Be6 10. O-O-O+ Kc8 11. Nd4 Bd7 12. f3 Bc5 13. Nb3 Bb6 14. Rd3 Ne7 15. Rhd1 Be6 16. Na4 Ba7 17. Nac5 Bxc5 18. Nxc5 b6 19. Nxe6 fxe6 20. Rd7 Ng6 21. Rxc7+ Kb8 22. Bg3 e5 23. Rdd7 1-0


[Site "https://www.chess.com"]